 Dungeon Sprint DCSS version 0.23.0 (webtiles) character file.

Game seed: 2301893941986332915

62137 nuthulu the Slayer (level 15, -10/123 HPs)
             Began as a Gargoyle Fighter on Feb 17, 2019.
             Was the Champion of Makhleb.
             Killed from afar by a hellion (28 damage)
             ... with damnation
             ... in the Dungeon (Sprint V: "Ziggurat Sprint").
             The game lasted 00:10:31 (1100 turns).

nuthulu the Slayer (Gargoyle Fighter)               Turns: 1100, Time: 00:10:32

Health: -10/123    AC: 53    Str: 29    XL:     15   Next: 5%
Magic:  15/15      EV: 12    Int:  5    God:    Makhleb [******]
Gold:   0          SH: 34    Dex: 16    Spells: 14/14 levels left

rFire    + . .     SeeInvis +   H - +6 shillelagh "Devastator" {shatter}
rCold    + . .     Gourm    .   G - +18 shield of the Gong {rElec rN+ MR+ EV-5}
rNeg     + + +     Faith    .   F - +15 Maxwell's patent armour {-Cast -Tele rElec MR+ rCorr}
rPois    ∞         Spirit   .   Q - +2 helmet {SInv}
rElec    +         Reflect  .   S - +2 cloak {MR+}
rCorr    +         Harm     .   (no gloves)
MR       +++++     Rnd*Rage +   (no boots) Stlth ..........NoTele +
                                K - necklace of Bloodlust {*Rage +Rage MR++ Int-3 Slay+6 *Curse} (curse)
HPRegen  0.30/turn NoCast   +   b - ring of Wonder {rN+ MR+ Str+3 Dex+4 Stlth-}
MPRegen  0.14/turn              o - ring of Agoseqob {rF+ rC+ MR+ Str+2}

@: no status effects
A: big wings, negative energy resistance 1, electricity resistance, unbreathing,
petrification resistance, rot immunity, AC +11
a: Fly, Minor Destruction, Lesser Servant of Makhleb, Major Destruction, Greater
Servant of Makhleb, Renounce Religion, Evoke Berserk Rage


You were in the Dungeon.
You worshipped Makhleb.
Makhleb was exalted by your worship.
You were not hungry.

You visited 1 branch

Inventory:

Hand Weapons
 H - the +6 shillelagh "Devastator" (weapon) {shatter}
   (You found it in the Dungeon)
Armour
 F - the +15 Maxwell's patent armour (worn) {-Cast -Tele rElec MR+ rCorr}
   (You found it in the Dungeon)

   It insulates you from electricity.
   It affects your resistance to hostile enchantments.
   It prevents spellcasting.
   It prevents most forms of teleportation.
   It provides partial protection from all sources of acid and corrosion.
 G - the +18 shield of the Gong (worn) {rElec rN+ MR+ EV-5}
   (You found it in the Dungeon)

   It affects your evasion (-5).
   It insulates you from electricity.
   It protects you from negative energy.
   It affects your resistance to hostile enchantments.
 Q - a +2 helmet of see invisible (worn)
 S - a +2 cloak of magic resistance (worn)
Jewellery
 a - the ring of Gocrakudd {rElec rPois Int+6 SInv}
   (You found it in the Dungeon)

   [ring of see invisible]

   It affects your intelligence (+6).
   It insulates you from electricity.
   It protects you from poison.
   It lets you see invisible.
 b - the ring of Wonder (left hand) {rN+ MR+ Str+3 Dex+4 Stlth-}
   (You found it in the Dungeon)

   [ring of attention]

   It affects your strength (+3).
   It affects your dexterity (+4).
   It protects you from negative energy.
   It affects your resistance to hostile enchantments.
   It makes you less stealthy.
 c - a +2 ring of intelligence
 o - the ring of Agoseqob (right hand) {rF+ rC+ MR+ Str+2}
   (You found it in the Dungeon)

   [ring of strength]

   It affects your strength (+2).
   It protects you from fire.
   It protects you from cold.
   It affects your resistance to hostile enchantments.
 z - a +6 ring of dexterity
 A - a +6 ring of dexterity
 B - a +6 ring of intelligence
 C - a +6 ring of intelligence
 D - a +6 ring of strength
 E - a +6 ring of strength
 I - an uncursed ring of magical power
 J - an uncursed ring of stealth
 K - the cursed necklace of Bloodlust (around neck) {*Rage +Rage MR++ Int-3 Slay+6 *Curse}
   (You found it in the Dungeon)

   [amulet of rage]

   It affects your intelligence (-3).
   It affects your accuracy and damage with ranged weapons and melee attacks
   (+6).
   It affects your resistance to hostile enchantments.
   It lets you go berserk.
   It may make you go berserk in combat.
   It curses itself when equipped.
   It has a curse placed upon it.
 L - a +6 ring of strength
 M - the ring of Otilyr {rN+ AC+2}
   (You took it off a spriggan air mage in the Dungeon)

   [ring of protection]

   It affects your AC (+2).
   It protects you from negative energy.
 N - an uncursed ring of positive energy
 P - an uncursed ring of protection from magic
 R - an uncursed ring of wizardry
 T - the ring of Russ {rC+ rN+ MR+}
   (You found it in the Dungeon)

   [ring of protection from magic]

   It protects you from cold.
   It protects you from negative energy.
   It affects your resistance to hostile enchantments.
 U - an uncursed ring of ice
Wands
 w - a wand of disintegration (7)
 x - a wand of iceblast (7)
 y - a wand of acid (7)
Scrolls
 k - 4 scrolls of blinking
 q - 4 scrolls of amnesia
 r - 7 scrolls of fog
 s - 2 scrolls of holy word
 t - 5 scrolls of identify
 u - 5 scrolls of remove curse
 v - 2 scrolls of fear
 O - a scroll of brand weapon
Potions
 d - 7 potions of might
 e - 10 potions of curing
 g - 14 potions of heal wounds
 h - 14 potions of haste
 i - 7 potions of magic
 j - 3 potions of berserk rage
 l - 2 potions of brilliance
 m - 2 potions of invisibility
 n - 4 potions of resistance
 p - 6 potions of agility
Comestibles
 f - 6 rations


   Skills:
 * Level 25.1 Fighting
 - Level 14.5 Maces & Flails
 + Level 20.8 Armour
 + Level 13.5 Dodging
 - Level 17.3 Shields


You had 14 spell levels left.
You didn't know any spells.
Your spell library was empty.

Dungeon Overview and Level Annotations

Branches:
Dungeon (1/1)

Altars:
Ashenzari
Cheibriados
Dithmenos
Elyvilon
Fedhas
Gozag
Hepliaklqana
Kikubaaqudgha
Makhleb
Nemelex Xobeh
Okawaru
Qazlal
Ru
Sif Muna
Trog
Uskayaw
Vehumet
Wu Jian
Xom
Yredelemnul
Zin
The Shining One
Beogh
Jiyva
Lugonu


Innate Abilities, Weirdness & Mutations

You are resistant to torment.
Your stone body is resilient. (AC +11)
You are immune to poison.
Your large and strong wings let you fly indefinitely.
You resist negative energy. (rN+)
You are resistant to electric shocks. (rElec)
You can survive without breathing.
You are immune to petrification.
You are immune to rotting.


Message History

The tormentor says, "I will eat your liver."
A reaper comes into view. It is wielding a +5 scythe of flaming.
Found ten items.
You bludgeon the jackal zombie!!
The tormentor and the giant cockroach zombie shudder.
The tormentor is heavily wounded.
You destroy the giant cockroach zombie!
Makhleb accepts your kill.
You feel better.
You destroy the jackal zombie!
Makhleb accepts your kill.
You feel better. The Hell Sentinel gestures at you.
The sphere of damnation explodes!
The damnation engulfs you!!
The iron giant gestures at you while chanting.
The iron shot hits you!!!
* * * LOW HITPOINT WARNING * * *
The hellion gestures at you.
The sphere of damnation explodes!
The damnation engulfs you!!
You die...

▓..::.).|
..2)|)2.[[))"..▓........
..}:2252"}|)}..▓.......)
...MZ4[2)DZ21..▓........
......ZW41C....▓.....)..
....4.2........▓........
......24.......▓........
...............▓..▓...†.
.......@.......▓........
...............▓........
...▓.......▓...▓......©.
. ▓▓.....▓▓ .▓▓▓▓▓▓▓▓▓
...▓.......▓...▓.....8©8
...............▓.:.))}:)
.......©.......▓..=|}.})
▓▓▓▓▓▓▓▓▓▓▓▓▓▓▓▓........
▓.....)..


You could see a bone dragon, an iron giant, 2 Hell Sentinels, 2 reapers, an ice
devil, 3 rust devils, a hellion, 6 tormentors, a wraith, a mummy, an iron imp, a
leopard gecko zombie and 2 adder zombies.

Vanquished Creatures
  A lich (D)
  A thorn hunter (D)
  A shadow dragon (D)
  2 nagarajas (D)
  A draconian scorcher (D)
  A ghoul (D)
  A spriggan defender (D)
  2 reapers (D)
  A green draconian (D)
  4 black draconians (D)
  5 red draconians (D)
  3 purple draconians (D)
  A yellow draconian (D)
  5 white draconians (D)
  A naga warrior (D)
  2 spriggan air magi (D)
  An anaconda (D)
  A satyr (D)
  3 dancing weapons (D)
  2 vampire magi (D)
  2 deep elf knights (D)
  5 spriggan berserkers (D)
  8 soul eaters (D)
  4 skeletal warriors (D)
  A sea snake (shapeshifter) (D)
  A spriggan druid (D)
  2 deep elf archers (D)
  2 deep elf magi (D)
  An ugly thing (D)
  4 cyclopes (D)
  An oklob plant (D)
  A faun (D)
  A guardian serpent (shapeshifter) (D)
  A black mamba (D)
  2 naga magi (D)
  4 rust devils (D)
  A yaktaur (shapeshifter) (D)
  A rime drake (shapeshifter) (D)
  A freezing wraith (D)
  2 ice devils (D)
  2 tormentors (D)
  3 red devils (D)
  A wind drake (shapeshifter) (D)
  A jumping spider (D)
  A wind drake (D)
  A hornet (D)
  A blink frog (shapeshifter) (D)
  3 spriggans (D)
  A shapeshifter (D)
  A flying skull (D)
  A vampire (D)
  3 air elementals (D)
  4 shadows (D)
  A neqoxec (D)
  3 nagas (D)
  7 hell hounds (D)
  2 water moccasins (D)
  A floating eye (shapeshifter) (D)
  A floating eye (D)
  A porcupine (D)
  A phantom (D)
  A black bear (D)
  4 necrophages (D)
  A wolf (D)
  4 centaurs (D)
  A bullfrog (D)
  A scorpion (D)
  2 wights (D)
  2 jellies (D)
  An iron imp (D)
  An iguana (D)
  A mummy (D)
  An adder (D)
  A white imp (D)
  A spectral adder (D)
  5 adder zombies (D)
  2 oozes (D)
  3 adder skeletons (D)
  3 spectral bats (D)
  7 bat skeletons (D)
  9 bat zombies (D)
  A jackal (D)
  2 ball pythons (D)
  A ball python skeleton (D)
  2 giant cockroach zombies (D)
  3 jackal zombies (D)
  2 leopard gecko zombies (D)
  A quokka zombie (D)
  A spectral quokka (D)
188 creatures vanquished.

Vanquished Creatures (others)
  A deep elf demonologist (D)
  A dancing weapon (D)
  2 insubstantial wisps (D)
4 creatures vanquished.

Grand Total: 192 creatures vanquished

Notes
Turn   | Place    | Note
-------+----------+-------------------------------------------
     0 | D        | Found the +6 Majin-Bo {vamp, Archmagi MP+6 Int+6}
     0 | D        | Found the +7 great mace "Firestarter" {inner flame, rF++}
     0 | D        | nuthulu the Gargoyle Fighter began the quest for the Orb.
     0 | D        | Reached XP level 1. HP: 14/14 MP: 1/1
     0 | D        | Found a deep blue altar of Sif Muna.
     0 | D        | Found a sacrificial altar of Ru.
     0 | D        | Found a bloodstained altar of Trog.
     0 | D        | Found a stormy altar of Qazlal.
     0 | D        | Found an iron altar of Okawaru.
     0 | D        | Found a sparkling altar of Nemelex Xobeh.
     0 | D        | Found a blossoming altar of Fedhas.
     2 | D        | Found a transporter.
     2 | D        | Found an ancient bone altar of Kikubaaqudgha.
     2 | D        | Found a viscous altar of Jiyva.
     2 | D        | Found a corrupted altar of Lugonu.
     2 | D        | Found a hazy altar of Hepliaklqana.
     2 | D        | Found a burning altar of Makhleb.
     2 | D        | Found an opulent altar of Gozag.
    18 | D        | Found the +9 heavy crossbow "Sniper" {velocity, Acc+∞ SInv}
    18 | D        | Found the +10 dark maul {crush}
    18 | D        | Found the +15 Maxwell's patent armour {-Cast -Tele rElec
                  | MR+ rCorr}
    18 | D        | Found the +18 shield of the Gong {rElec rN+ MR+ EV-5}
    18 | D        | Found the cursed +14 obsidian axe {chop, +Fly SInv *Curse}
    20 | D        | Found the +6 shillelagh "Devastator" {shatter}
    20 | D        | Found the +11 plutonium sword {*Contam Stlth-}
    20 | D        | Found the +8 lance "Wyrmbane" {slay drac, rPois rF+ rC+
                  | AC+3}
    20 | D        | Found the cursed +13 scythe of Curses {drain, *Curse}
    20 | D        | Found the +0 sword of Power
    20 | D        | Found the +7 mace of Variability {chain chaos}
    20 | D        | Found the +7 Singing Sword {slice, sonic wave}
    20 | D        | Found the +7 longbow "Piercer" {penet, EV-2}
    56 | D        | Became a worshipper of Makhleb the Destroyer
    62 | D        | Reached XP level 2. HP: 19/19 MP: 2/2
    65 | D        | Entered arena 2.
    65 | D        | Noticed a scorpion
    65 | D        | Noticed a jumping spider
    65 | D        | Found a transporter.
    67 | D        | Killed a jumping spider
    67 | D        | Reached skill level 6 in Fighting
    67 | D        | Reached XP level 3. HP: 27/27 MP: 3/3
    67 | D        | Reached XP level 4. HP: 32/32 MP: 4/4
    67 | D        | Reached XP level 5. HP: 36/36 MP: 5/5
    72 | D        | Reached XP level 6. HP: 42/42 MP: 6/6
    78 | D        | Entered arena 3.
    78 | D        | Noticed an air elemental
    78 | D        | Noticed an insubstantial wisp
    78 | D        | Noticed an insubstantial wisp
    78 | D        | Found a transporter.
    80 | D        | Killed an insubstantial wisp
    80 | D        | Reached skill level 7 in Fighting
    80 | D        | Killed an insubstantial wisp
    82 | D        | Killed an air elemental
    82 | D        | Reached * piety under Makhleb
    82 | D        | Reached skill level 10 in Maces & Flails
    82 | D        | Reached XP level 7. HP: 31/48 MP: 7/7
   186 | D        | Entered arena 4.
   186 | D        | Found a transporter.
   190 | D        | Reached ** piety under Makhleb
   190 | D        | Reached skill level 8 in Fighting
   203 | D        | Got the ring of Gocrakudd {rElec rPois Int+6 SInv}
   207 | D        | Entered arena 5.
   207 | D        | Found a transporter.
   215 | D        | Reached *** piety under Makhleb
   215 | D        | Reached skill level 9 in Fighting
   227 | D        | Entered arena 6.
   227 | D        | Found a transporter.
   230 | D        | Paralysed by a floating eye for 3 turns
   234 | D        | Reached XP level 8. HP: 56/56 MP: 8/8
   235 | D        | Reached **** piety under Makhleb
   249 | D        | Entered arena 7.
   249 | D        | Noticed a spriggan rider
   249 | D        | Noticed a spriggan
   249 | D        | Noticed a spriggan
   249 | D        | Noticed a spriggan druid
   250 | D        | Found the +8 longbow "Zephyr" {speed, Dex+3 SInv}
   250 | D        | Found a transporter.
   253 | D        | Killed a spriggan
   253 | D        | Killed a spriggan
   253 | D        | Reached ***** piety under Makhleb
   253 | D        | Reached skill level 10 in Fighting
   253 | D        | Reached skill level 10 in Armour
   253 | D        | Reached skill level 10 in Shields
   255 | D        | Killed a spriggan druid
   255 | D        | Reached XP level 9. HP: 63/63 MP: 9/9
   258 | D        | Killed a hornet
   258 | D        | Reached skill level 11 in Fighting
   263 | D        | Got the ring of Agoseqob {rF+ rC+ MR+ Str+2}
   267 | D        | Entered arena 8.
   267 | D        | Noticed a deep elf knight
   267 | D        | Noticed a +2 mace of protection
   267 | D        | Noticed a deep elf archer
   267 | D        | Noticed a deep elf mage
   267 | D        | Noticed a deep elf knight
   267 | D        | Noticed a deep elf archer
   268 | D        | Identified the +7 mace of Uptoreq {crush, rF+ Stlth+}
   268 | D        | Found a transporter.
   273 | D        | Killed a deep elf knight
   274 | D        | Killed a deep elf knight
   274 | D        | Reached skill level 12 in Fighting
   274 | D        | Reached XP level 10. HP: 71/71 MP: 10/10
   280 | D        | Killed a deep elf archer
   280 | D        | Killed a deep elf mage
   280 | D        | Reached ****** piety under Makhleb
   294 | D        | Killed a deep elf archer
   294 | D        | Reached skill level 13 in Fighting
   296 | D        | Killed a +2 mace of protection
   307 | D        | Entered arena 9.
   307 | D        | Noticed a deep elf mage
   307 | D        | Noticed a deep elf demonologist
   307 | D        | Noticed a +4 glaive of protection
   307 | D        | Noticed a +4 battleaxe of freezing
   307 | D        | Noticed a +1 trident of protection
   308 | D        | Found the cursed necklace of Bloodlust {*Rage +Rage MR++
                  | Int-3 Slay+6 *Curse}
   308 | D        | Found a transporter.
   310 | D        | Killed a +1 trident of protection
   312 | D        | Killed a deep elf demonologist
   315 | D        | Killed a deep elf mage
   318 | D        | Killed a +4 battleaxe of freezing
   322 | D        | Killed a +4 glaive of protection
   337 | D        | Entered arena 10.
   337 | D        | Noticed a cyclops
   337 | D        | Noticed a cyclops
   337 | D        | Noticed a cyclops
   337 | D        | Noticed a cyclops
   338 | D        | Found a transporter.
   344 | D        | Reached XP level 11. HP: 76/79 MP: 11/11
   346 | D        | Killed a cyclops
   346 | D        | Killed a cyclops
   346 | D        | Reached skill level 14 in Fighting
   349 | D        | Killed a cyclops
   351 | D        | Killed a cyclops
   357 | D        | Entered arena 11.
   361 | D        | Found a transporter.
   368 | D        | Reached skill level 1 in Dodging
   378 | D        | Entered arena 12.
   378 | D        | Noticed a green ugly thing
   378 | D        | Noticed a shock serpent
   379 | D        | Found the +7 Spriggan's Knife {stab, EV+4 Stlth+}
   379 | D        | Noticed a shock serpent
   379 | D        | a shock serpent changed into a floating eye
   380 | D        | Found a transporter.
   380 | D        | Noticed a sea snake
   380 | D        | a merfolk changed into a sea snake
   384 | D        | Noticed a death drake
   384 | D        | a shock serpent changed into a death drake
   385 | D        | Killed a green ugly thing
   385 | D        | a death drake changed into a merfolk
   386 | D        | Reached skill level 15 in Fighting
   388 | D        | Killed a sea snake
   389 | D        | Noticed a death drake
   389 | D        | a merfolk changed into a death drake
   392 | D        | a death drake changed into a wind drake
   406 | D        | Entered arena 13.
   406 | D        | Noticed a skeletal warrior
   406 | D        | Noticed a vampire mage
   406 | D        | Noticed a vampire mage
   407 | D        | Noticed a skeletal warrior
   407 | D        | Noticed a lich
   409 | D        | Found a transporter.
   411 | D        | Killed a skeletal warrior
   411 | D        | Reached skill level 15 in Armour
   415 | D        | Killed a vampire mage
   415 | D        | Reached skill level 15 in Shields
   416 | D        | Noticed a shadow wraith
   416 | D        | Reached skill level 16 in Fighting
   421 | D        | Noticed a phantasmal warrior
   421 | D        | Noticed a shadow wraith
   424 | D        | Killed a lich
   424 | D        | Reached skill level 5 in Dodging
   424 | D        | Reached XP level 12. HP: 90/90 MP: 12/12
   428 | D        | Reached skill level 17 in Fighting
   434 | D        | Killed a vampire mage
   494 | D        | Entered arena 14.
   495 | D        | Noticed a soul eater
   496 | D        | Noticed a shadow dragon
   496 | D        | Noticed a soul eater
   498 | D        | Found a transporter.
   523 | D        | Killed a shadow dragon
   533 | D        | Killed a soul eater
   536 | D        | Killed a soul eater
   581 | D        | Entered arena 15.
   582 | D        | Noticed a spriggan berserker
   582 | D        | Noticed a spriggan berserker
   582 | D        | Noticed a spriggan berserker
   582 | D        | Noticed a thorn hunter
   582 | D        | Noticed a spriggan berserker
   582 | D        | Noticed a satyr
   583 | D        | Noticed a death yak
   583 | D        | Noticed a spriggan defender
   584 | D        | Noticed a spriggan berserker
   596 | D        | Killed a spriggan berserker
   596 | D        | Reached skill level 18 in Fighting
   602 | D        | Identified the ring of Otilyr {rN+ AC+2}
   602 | D        | Noticed a spriggan air mage
   602 | D        | Killed a spriggan berserker
   604 | D        | Killed a spriggan berserker
   604 | D        | Noticed a spriggan air mage
   605 | D        | Killed a spriggan berserker
   612 | D        | Killed a spriggan berserker
   615 | D        | Killed a thorn hunter
   615 | D        | Reached skill level 19 in Fighting
   615 | D        | Reached XP level 13. HP: 100/100 MP: 13/13
   625 | D        | Killed a spriggan defender
   640 | D        | Found a transporter.
   740 | D        | Entered arena 16.
   741 | D        | Noticed a reaper
   743 | D        | Found the +9 sword of Zonguldrok {reap}
   747 | D        | Found a transporter.
   761 | D        | Reached skill level 20 in Fighting
   770 | D        | Killed a reaper
   785 | D        | Entered arena 17.
   788 | D        | Noticed a nagaraja
   789 | D        | Noticed a nagaraja
   790 | D        | Found a transporter.
   807 | D        | Killed a nagaraja
   807 | D        | Reached skill level 10 in Dodging
   810 | D        | Killed a nagaraja
   810 | D        | Reached skill level 21 in Fighting
   830 | D        | Entered arena 18.
   831 | D        | Noticed a reaper
   853 | D        | Found a transporter.
   854 | D        | Killed a reaper
   854 | D        | Gained mutation: Your large and strong wings let you fly
                  | indefinitely. [Gargoyle growth]
   854 | D        | Reached XP level 14. HP: 111/111 MP: 14/14
   861 | D        | Reached skill level 22 in Fighting
   905 | D        | Entered arena 19.
   908 | D        | Noticed a white draconian
   908 | D        | Noticed a white draconian
   908 | D        | Noticed a red draconian
   908 | D        | Noticed a purple draconian
   908 | D        | Noticed a red draconian
   908 | D        | Noticed a white draconian
   908 | D        | Noticed a purple draconian
   908 | D        | Noticed a white draconian
   908 | D        | Noticed a yellow draconian
   908 | D        | Noticed a white draconian
   908 | D        | Noticed a black draconian
   908 | D        | Noticed a red draconian
   908 | D        | Noticed a purple draconian
   909 | D        | Noticed a yellow draconian scorcher
   909 | D        | Noticed a red draconian
   909 | D        | Identified the +10 mace of Vannausoy {flame, rC++}
   909 | D        | Noticed a green draconian
   909 | D        | Noticed a black draconian
   909 | D        | Noticed a black draconian
   909 | D        | Identified the ring of Byuso {Ice Str+3}
   909 | D        | Noticed a red draconian
   909 | D        | Noticed a black draconian
   910 | D        | Found a transporter.
   917 | D        | Killed a purple draconian
   919 | D        | Killed a white draconian
   921 | D        | Killed a purple draconian
   922 | D        | Killed a red draconian
   924 | D        | Killed a white draconian
   925 | D        | Killed a white draconian
   928 | D        | Killed a yellow draconian scorcher
   928 | D        | Reached skill level 23 in Fighting
   929 | D        | Killed a red draconian
   931 | D        | Killed a red draconian
   932 | D        | Killed a red draconian
   933 | D        | Killed a green draconian
   933 | D        | Killed a white draconian
   936 | D        | Killed a black draconian
   938 | D        | Killed a purple draconian
   938 | D        | Killed a white draconian
   938 | D        | Reached skill level 24 in Fighting
   939 | D        | Killed a yellow draconian
   944 | D        | Killed a black draconian
   946 | D        | Killed a red draconian
   954 | D        | Killed a black draconian
   955 | D        | Killed a black draconian
  1002 | D        | Entered arena 20.
  1008 | D        | Noticed a ghoul
  1022 | D        | Killed a ghoul
  1035 | D        | Reached skill level 25 in Fighting
  1035 | D        | Reached XP level 15. HP: 123/123 MP: 15/15
  1046 | D        | Found a transporter.
  1054 | D        | Got the ring of Wonder {rN+ MR+ Str+3 Dex+4 Stlth-}
  1066 | D        | Got the ring of Russ {rC+ rN+ MR+}
  1093 | D        | Entered arena 21.
  1097 | D        | Noticed an iron giant
  1098 | D        | Found the +10 large shield of Ignorance {rN+ Int-4}
  1098 | D        | Noticed a Hell Sentinel
  1098 | D        | Noticed a Hell Sentinel
  1098 | D        | Noticed a bone dragon
  1100 | D        | Found the +5 scythe "Finisher" {speed, eviscerate}
  1100 | D        | Killed from afar by a hellion

Skill      XL: |  1  2  3  4  5  6  7  8  9 10 11 12 13 14 |
---------------+-------------------------------------------+-----
Maces & Flails | 7 9 10 11 13 14 | 14.5
Fighting       | 6 7 9 10 12 13 16 19 21 25 | 25.1
Armour         | 6 7 9 10 12 13 15 16 18 20 | 20.8
Shields        | 6 7 9 10 12 13 15 16 17 | 17.3
Dodging        | 5 8 10 13 | 13.5

Action                   |  1- 3 |  4- 6 |  7- 9 | 10-12 | 13-15 || total
-------------------------+-------+-------+-------+-------+-------++-------
Melee: Shillelagh        |     2 |     8 |    34 |   161 |   188 ||   393
  Use: Potion            |     1 |       |       |       |       ||     1
  Eat: Ration            |       |       |       |       |     1 ||     1
Armor: Plate armour      |       |     2 |    17 |    73 |    60 ||   152
Dodge: Dodged            |       |       |     2 |    21 |    28 ||    51
Block: Shield            |     2 |     8 |    52 |   212 |   243 ||   517
